| TOP OF THE 1ST |
|
South Bend Cubs batting - Pitching for Lakewood BlueClaws : RHP Si-dao Xia
|
|
Pitching: RHP Si-dao Xia
|
|
|
Batting: RHB Dan Orozco
|
0-0: Called Strike 0-1: Ball 1-1: Ball 2-1: Ball 3-1: Called Strike 3-2: Strikes out swinging
|
|
Batting: RHB Adrian Cox
|
0-0: Ball 1-0: Foul Ball, location: 2F 1-1: Foul Ball, location: 2F 1-2: Ball 2-2: Foul Ball, location: 2F 2-2: Foul Ball, location: 2F 2-2: Foul Ball, location: 2F 2-2: Ball 3-2: Base on Balls
|
|
Batting: RHB Erik Smith
|
0-0: Ball 1-0: Ball Adrian Cox steals 2nd base (no throw) 2-0: Called Strike 2-1: Foul Ball, location: 2F 2-2: Ball 3-2: Strikes out looking
|
|
Batting: RHB Mike Stein
|
0-0: Fly out, F8 (Flyball, 8RXD, EV 102.5 MPH)
|
| Top of the 1st over - 0 runs, 0 hits, 0 errors, 1 left on base; South Bend 0 - Lakewood 0 |
| BOTTOM OF THE 1ST |
|
Lakewood BlueClaws batting - Pitching for South Bend Cubs : RHP Steve Vint
|
|
Pitching: RHP Steve Vint
|
|
|
Batting: LHB Jonathan Roman
|
0-0: Called Strike 0-1: Foul Ball, location: 2F 0-2: Ball 1-2: Fly out, F9 (Flyball, 9LM, EV 94.4 MPH)
|
|
Batting: LHB Matt Urbanek
|
0-0: Ball 1-0: Swinging Strike 1-1: Ball 2-1: Ball 3-1: Fly out, F1 (Line Drive, P, EV 65.0 MPH)
|
|
Batting: RHB Alan Weller
|
0-0: Called Strike 0-1: Fly out, F9 (Flyball, 9, EV 89.4 MPH)
|
| Bottom of the 1st over - 0 runs, 0 hits, 0 errors, 0 left on base; South Bend 0 - Lakewood 0 |
| TOP OF THE 2ND |
|
South Bend Cubs batting - Pitching for Lakewood BlueClaws : RHP Si-dao Xia
|
|
Batting: RHB David Bousfield
|
0-0: Ball 1-0: Swinging Strike 1-1: Called Strike 1-2: Strikes out swinging
|
|
Batting: RHB Mike Hill
|
0-0: Ball 1-0: Ball 2-0: Swinging Strike 2-1: Called Strike 2-2: Strikes out swinging
|
|
Batting: RHB Josh Burns
|
0-0: Ball 1-0: Ball 2-0: Foul Ball, location: 2F 2-1: Called Strike 2-2: Strikes out swinging
|
| Top of the 2nd over - 0 runs, 0 hits, 0 errors, 0 left on base; South Bend 0 - Lakewood 0 |
| BOTTOM OF THE 2ND |
|
Lakewood BlueClaws batting - Pitching for South Bend Cubs : RHP Steve Vint
|
|
Batting: SHB Brett St. Clair
|
0-0: Ball 1-0: SINGLE (Flyball, 7S, EV 86.9 MPH)
|
|
Batting: RHB Mike Maserang
|
0-0: Foul Ball, location: 2F 0-1: DOUBLE (Line Drive, 9LS, EV 111.2 MPH) Brett St. Clair to third
|
|
Batting: SHB Steve DeRienzo
|
0-0: Swinging Strike 0-1: SINGLE (Groundball, 4M, EV 108.1 MPH) (infield hit) Brett St. Clair scores Mike Maserang to third
|
|
Batting: LHB Eric Farren
|
0-0: Called Strike 0-1: Ball 1-1: Ball 2-1: DOUBLE (Flyball, 89XD, EV 109.4 MPH) Mike Maserang scores Steve DeRienzo to third
|
|
Pitching: LHP Dusty Blubaugh
|
|
|
Batting: RHB Juan Valadez
|
0-0: Hit by Pitch
|
|
Batting: RHB Trent Hedrick
|
0-0: Called Strike 0-1: Called Strike 0-2: Foul Ball, location: 2F 0-2: Ball 1-2: Foul Ball, location: 2F 1-2: SINGLE (Flyball, 34D, EV 85.6 MPH) Steve DeRienzo scores Eric Farren to third Juan Valadez to second
|
|
Batting: LHB Jonathan Roman
|
0-0: Swinging Strike 0-1: Ball 1-1: Ball 2-1: Ball 3-1: TRIPLE (Flyball, 8LXD, EV 96.2 MPH) Eric Farren scores Juan Valadez scores Trent Hedrick scores
|
|
Batting: LHB Matt Urbanek
|
0-0: Ball 1-0: Foul Ball, location: 2F 1-1: Ball 2-1: Ball 3-1: Base on Balls
|
|
Batting: RHB Alan Weller
|
0-0: Ball Matt Urbanek steals 2nd base 1-0: Ball 2-0: Ball 3-0: Base on Balls
|
|
Pitching: RHP Scott Hanson
|
|
|
Batting: SHB Brett St. Clair
|
0-0: Ball 1-0: Called Strike 1-1: Ball 2-1: Foul Ball, location: 2F 2-2: Ball 3-2: Strikes out swinging
|
|
Batting: RHB Mike Maserang
|
0-0: Foul Ball, location: 2F 0-1: Ball 1-1: Grounds into double play, 5-4-3 (Groundball, 5, EV 86.9 MPH)
|
| Bottom of the 2nd over - 6 runs, 6 hits, 0 errors, 2 left on base; South Bend 0 - Lakewood 6 |
| TOP OF THE 3RD |
|
South Bend Cubs batting - Pitching for Lakewood BlueClaws : RHP Si-dao Xia
|
|
Batting: RHB Ryan Bush
|
0-0: Ball 1-0: Called Strike 1-1: Called Strike 1-2: Ball 2-2: Strikes out swinging
|
|
Batting: RHB Victor Ramirez
|
0-0: Called Strike 0-1: Ball 1-1: Swinging Strike 1-2: Strikes out swinging
|
|
Batting: RHB Dan Orozco
|
0-0: Ball 1-0: Foul Ball, location: 2F 1-1: Foul Ball, location: 2F 1-2: Foul Ball, location: 2F 1-2: SINGLE (Groundball, P, EV 78.8 MPH) (infield hit)
|
|
Batting: RHB Adrian Cox
|
0-0: Ball 1-0: Ball 2-0: Ball Dan Orozco is caught stealing 2nd base 2-4
|
| Top of the 3rd over - 0 runs, 1 hit, 0 errors, 0 left on base; South Bend 0 - Lakewood 6 |
| BOTTOM OF THE 3RD |
|
Lakewood BlueClaws batting - Pitching for South Bend Cubs : RHP Scott Hanson
|
|
Batting: SHB Steve DeRienzo
|
0-0: Called Strike 0-1: Reached on error, E6 (Groundball, 56D, EV 85.6 MPH)
|
|
Batting: LHB Eric Farren
|
0-0: Fielders Choice at 2nd, 4-6 (Groundball, 4, EV 84.4 MPH)
|
|
Batting: RHB Juan Valadez
|
0-0: Foul Ball, location: 2F 0-1: Called Strike 0-2: Fly out, F3 (Popup, 34, EV 69.4 MPH)
|
|
Batting: RHB Trent Hedrick
|
0-0: Ground out 5-3 (Groundball, 56S, EV 85.0 MPH)
|
| Bottom of the 3rd over - 0 runs, 0 hits, 1 error, 1 left on base; South Bend 0 - Lakewood 6 |
| TOP OF THE 4TH |
|
South Bend Cubs batting - Pitching for Lakewood BlueClaws : RHP Si-dao Xia
|
|
Batting: RHB Adrian Cox
|
0-0: Called Strike 0-1: Ball 1-1: Foul Ball, location: 2F 1-2: SINGLE (Groundball, 4M, EV 108.8 MPH) (infield hit)
|
|
Batting: RHB Erik Smith
|
0-0: Called Strike Adrian Cox steals 2nd, throwing error, E2 Adrian Cox to third 0-1: Ground out 6-3 (Groundball, 56, EV 79.4 MPH) Adrian Cox scores
|
|
Batting: RHB Mike Stein
|
0-0: Ball 1-0: Foul Ball, location: 2F 1-1: Called Strike 1-2: Ball 2-2: Ball 3-2: Foul Ball, location: 2F 3-2: SINGLE (Groundball, 34D, EV 103.1 MPH)
|
|
Batting: RHB David Bousfield
|
0-0: Ball 1-0: Ball 2-0: Ball 3-0: Called Strike 3-1: Foul Ball, location: 2F 3-2: SINGLE (Flyball, 8RS, EV 87.5 MPH) Mike Stein to second
|
|
Batting: RHB Mike Hill
|
0-0: Foul Ball, location: 2F 0-1: Ball 1-1: Called Strike 1-2: Ball 2-2: Foul Ball, location: 2F 2-2: Fly out, F3 (Line Drive, 3, EV 64.4 MPH) Lined into DP, 3-6 (Line Drive, 3, EV 67.5 MPH)
|
| Top of the 4th over - 1 run, 3 hits, 1 error, 1 left on base; South Bend 1 - Lakewood 6 |
| BOTTOM OF THE 4TH |
|
Lakewood BlueClaws batting - Pitching for South Bend Cubs : RHP Scott Hanson
|
|
Batting: LHB Jonathan Roman
|
0-0: Ball 1-0: SINGLE (Line Drive, 9S, EV 102.5 MPH)
|
|
Pitching: RHP Melvin Orengo
|
|
|
Batting: LHB Matt Urbanek
|
0-0: Called Strike 0-1: Foul Ball, location: 2F 0-2: Ball 1-2: Fly out, F4 (Line Drive, 4M, EV 68.1 MPH)
|
|
Batting: RHB Alan Weller
|
0-0: Called Strike Jonathan Roman steals 2nd, throwing error, E2 Jonathan Roman to third 0-1: Ball 1-1: Ball 2-1: Ball 3-1: 2-RUN HOME RUN (Line Drive, 7LD, EV 95.0 MPH), Distance : 330 ft
|
|
Batting: SHB Brett St. Clair
|
0-0: Foul Ball, location: 2F 0-1: Ball 1-1: Foul Ball, location: 2F 1-2: Ball 2-2: Ball 3-2: Foul Ball, location: 2F 3-2: Foul Ball, location: 2F 3-2: Fly out, F7 (Flyball, 7, EV 93.8 MPH)
|
|
Batting: RHB Mike Maserang
|
0-0: Ball 1-0: Ball 2-0: SINGLE (Groundball, 4D, EV 95.0 MPH)
|
|
Pitching: RHP Angel Pesina
|
|
|
Batting: SHB Steve DeRienzo
|
0-0: Ball 1-0: Foul Ball, location: 2F 1-1: Foul Ball, location: 2F 1-2: SINGLE (Groundball, 56, EV 100.6 MPH) (infield hit) Mike Maserang to second
|
|
Batting: LHB Eric Farren
|
0-0: Ball 1-0: Foul Ball, location: 2F 1-1: Ball 2-1: Swinging Strike 2-2: DOUBLE (Flyball, 8RXD, EV 105.0 MPH) Mike Maserang scores Steve DeRienzo to third Runner from 3rd tries for Home, SAFE, throw by CF to home
|
|
Batting: RHB Juan Valadez
|
0-0: Ball 1-0: Foul Ball, location: 2F 1-1: Ball 2-1: Ball 3-1: Base on Balls
|
|
Batting: RHB Trent Hedrick
|
0-0: Ball 1-0: Ball 2-0: Foul Ball, location: 2F 2-1: Ball 3-1: Base on Balls Eric Farren to third Juan Valadez to second
|
|
Pitching: RHP Andrew Dopp
|
|
|
Batting: LHB Jonathan Roman
|
0-0: Ball 1-0: Ball 2-0: Foul Ball, location: 2F 2-1: SINGLE (Groundball, 6S, EV 68.1 MPH) (infield hit) Eric Farren scores Juan Valadez to third Trent Hedrick to second
|
|
Batting: LHB Matt Urbanek
|
0-0: Called Strike 0-1: Ball 1-1: Foul Ball, location: 2F 1-2: Ball 2-2: Ball 3-2: Foul Ball, location: 2F 3-2: Strikes out swinging
|
| Bottom of the 4th over - 5 runs, 6 hits, 1 error, 3 left on base; South Bend 1 - Lakewood 11 |
| TOP OF THE 5TH |
|
South Bend Cubs batting - Pitching for Lakewood BlueClaws : RHP Si-dao Xia
|
|
Batting: RHB Josh Burns
|
0-0: Called Strike 0-1: Swinging Strike 0-2: Strikes out swinging
|
|
Batting: RHB Ryan Bush
|
0-0: Called Strike 0-1: Ball 1-1: Called Strike 1-2: Ball 2-2: Ground out 4-3 (Groundball, 4MS, EV 85.0 MPH)
|
|
Batting: RHB Victor Ramirez
|
0-0: Ball 1-0: Called Strike 1-1: Foul Ball, location: 2F 1-2: Strikes out swinging
|
| Top of the 5th over - 0 runs, 0 hits, 0 errors, 0 left on base; South Bend 1 - Lakewood 11 |
| BOTTOM OF THE 5TH |
|
Lakewood BlueClaws batting - Pitching for South Bend Cubs : RHP Andrew Dopp
|
|
Batting: RHB Alan Weller
|
0-0: Ball 1-0: Ground out U3 (Groundball, 3L, EV 80.0 MPH)
|
|
Batting: SHB Brett St. Clair
|
0-0: Ball 1-0: Called Strike 1-1: Ball 2-1: Ground out U3 (Groundball, 3, EV 98.1 MPH)
|
|
Batting: RHB Mike Maserang
|
0-0: Ball 1-0: Ground out 4-3 (Groundball, 4, EV 88.8 MPH)
|
| Bottom of the 5th over - 0 runs, 0 hits, 0 errors, 0 left on base; South Bend 1 - Lakewood 11 |
| TOP OF THE 6TH |
|
South Bend Cubs batting - Pitching for Lakewood BlueClaws : RHP Si-dao Xia
|
|
Pitching: RHP Jeff van Schaik
|
|
|
Batting: RHB Dan Orozco
|
0-0: Ball 1-0: Called Strike 1-1: Ground out 5-3 (Groundball, 5, EV 90.6 MPH)
|
|
Batting: RHB Adrian Cox
|
0-0: Called Strike 0-1: Swinging Strike 0-2: Ball 1-2: Strikes out swinging
|
|
Batting: RHB Erik Smith
|
0-0: Foul Ball, location: 2F 0-1: Ball 1-1: Ball 2-1: Foul Ball, location: 2F 2-2: Foul Ball, location: 2F 2-2: Ball 3-2: Base on Balls
|
|
Batting: RHB Mike Stein
|
0-0: Ball 1-0: Ball 2-0: Called Strike 2-1: Fielders Choice at 2nd, 6-4 (Groundball, 6, EV 86.2 MPH)
|
| Top of the 6th over - 0 runs, 0 hits, 0 errors, 1 left on base; South Bend 1 - Lakewood 11 |
| BOTTOM OF THE 6TH |
|
Lakewood BlueClaws batting - Pitching for South Bend Cubs : RHP Andrew Dopp
|
|
Pitching: LHP Dave de Wolff
|
|
|
Batting: SHB Steve DeRienzo
|
0-0: Ball 1-0: Fly out, F8 (Flyball, 89M, EV 92.5 MPH)
|
|
Batting: LHB Eric Farren
|
0-0: Foul Ball, location: 2F 0-1: Called Strike 0-2: Ball 1-2: Hit by Pitch
|
|
Batting: RHB Juan Valadez
|
0-0: SINGLE (Groundball, 6MD, EV 96.2 MPH) Eric Farren to second
|
|
Batting: RHB Trent Hedrick
|
0-0: Ball 1-0: Ball 2-0: Foul Ball, location: 2F 2-1: Ball 3-1: Base on Balls Eric Farren to third Juan Valadez to second
|
|
Batting: LHB Jonathan Roman
|
0-0: Ball 1-0: Ball 2-0: Ball 3-0: Base on Balls Eric Farren scores Juan Valadez to third Trent Hedrick to second
|
|
Batting: LHB Matt Urbanek
|
0-0: Ball 1-0: Called Strike 1-1: Foul Ball, location: 2F 1-2: Ball 2-2: Strikes out looking
|
|
Pitching: LHP Gilberto Alvarado
|
|
|
Batting: RHB Alan Weller
|
0-0: SINGLE (Groundball, 4MD, EV 97.5 MPH) Juan Valadez scores Trent Hedrick to third Jonathan Roman to second Runner from 3rd tries for Home, SAFE, throw by CF to home Jonathan Roman to third Alan Weller to second
|
|
Batting: SHB Brett St. Clair
|
0-0: Called Strike 0-1: Swinging Strike 0-2: Strikes out swinging
|
| Bottom of the 6th over - 3 runs, 2 hits, 0 errors, 2 left on base; South Bend 1 - Lakewood 14 |
| TOP OF THE 7TH |
|
South Bend Cubs batting - Pitching for Lakewood BlueClaws : RHP Jeff van Schaik
|
|
Batting: RHB David Bousfield
|
0-0: Called Strike 0-1: Foul Ball, location: 2F 0-2: Strikes out swinging
|
|
Batting: RHB Mike Hill
|
0-0: Ball 1-0: Foul Ball, location: 2F 1-1: Ball 2-1: Ball 3-1: Called Strike 3-2: Base on Balls
|
|
Batting: RHB Josh Burns
|
0-0: Ball 1-0: Called Strike 1-1: Ball Wild Pitch! Mike Hill to second 2-1: Called Strike 2-2: Strikes out swinging
|
|
Pitching: RHP Ron Knowles
|
|
|
Batting: RHB Ryan Bush
|
0-0: Ball 1-0: Called Strike 1-1: Fly out, F8 (Line Drive, 8LM, EV 100.0 MPH)
|
| Top of the 7th over - 0 runs, 0 hits, 0 errors, 1 left on base; South Bend 1 - Lakewood 14 |
| BOTTOM OF THE 7TH |
|
Lakewood BlueClaws batting - Pitching for South Bend Cubs : LHP Gilberto Alvarado
|
|
Batting: RHB Mike Maserang
|
0-0: Called Strike 0-1: Ball 1-1: Ball 2-1: SOLO HOME RUN (Flyball, 7LD, EV 98.1 MPH), Distance : 362 ft
|
|
Batting: SHB Steve DeRienzo
|
0-0: Ball 1-0: Hit by Pitch
|
|
Batting: LHB Eric Farren
|
0-0: Ball 1-0: Ball 2-0: Foul Ball, location: 2F 2-1: Ball 3-1: Base on Balls Steve DeRienzo to second
|
|
Batting: RHB Juan Valadez
|
0-0: Ball 1-0: Called Strike 1-1: Ball 2-1: Ball 3-1: Base on Balls Steve DeRienzo to third Eric Farren to second
|
|
Batting: RHB Trent Hedrick
|
0-0: Ball 1-0: Ball 2-0: Ball 3-0: Called Strike 3-1: SINGLE (Groundball, 6MD, EV 101.2 MPH) Steve DeRienzo scores Eric Farren to third Juan Valadez to second
|
|
Batting: LHB Jonathan Roman
|
0-0: Called Strike 0-1: Swinging Strike 0-2: Foul Ball, location: 2F 0-2: Ball 1-2: Ball 2-2: Foul Ball, location: 2F 2-2: SINGLE (Groundball, 6M, EV 102.5 MPH) (infield hit) Eric Farren scores Juan Valadez to third Trent Hedrick to second
|
|
Batting: LHB Matt Urbanek
|
0-0: Called Strike 0-1: Called Strike 0-2: Fly out, F8 (Flyball, 8LM, EV 90.0 MPH) Runner from 3rd tags up, SCORES, throw by CF Trent Hedrick to third
|
|
Batting: RHB Alan Weller
|
0-0: Foul Ball, location: 2F 0-1: Swinging Strike 0-2: Ball 1-2: Fielders Choice at 2nd, 4-6 (Groundball, 4, EV 101.9 MPH) Trent Hedrick scores
|
|
Batting: SHB Brett St. Clair
|
0-0: Ball Wild Pitch! Alan Weller to second 1-0: Foul Ball, location: 2F 1-1: Foul Ball, location: 2F 1-2: Foul Ball, location: 2F 1-2: Fly out, F9 (Flyball, 9, EV 88.8 MPH)
|
| Bottom of the 7th over - 5 runs, 3 hits, 0 errors, 1 left on base; South Bend 1 - Lakewood 19 |
| TOP OF THE 8TH |
|
South Bend Cubs batting - Pitching for Lakewood BlueClaws : RHP Ron Knowles
|
|
Batting: RHB Victor Ramirez
|
0-0: Ball 1-0: Ball 2-0: SINGLE (Groundball, 6MD, EV 97.5 MPH)
|
|
Batting: RHB Dan Orozco
|
0-0: Fly out, F8 (Flyball, 8RD, EV 86.2 MPH)
|
|
Batting: RHB Adrian Cox
|
0-0: Ball 1-0: Ball 2-0: Ball 3-0: Base on Balls Victor Ramirez to second
|
|
Batting: RHB Erik Smith
|
0-0: Foul Ball, location: 2F 0-1: Reached on error, E6 (Groundball, 6, EV 108.8 MPH) Victor Ramirez to third Adrian Cox to second
|
|
Batting: RHB Mike Stein
|
0-0: Ball 1-0: Swinging Strike 1-1: Ball 2-1: Foul Ball, location: 2F 2-2: Strikes out swinging
|
|
Batting: RHB David Bousfield
|
0-0: Ball 1-0: Ball 2-0: Called Strike 2-1: Ball 3-1: Swinging Strike 3-2: Strikes out swinging
|
| Top of the 8th over - 0 runs, 1 hit, 1 error, 3 left on base; South Bend 1 - Lakewood 19 |
| BOTTOM OF THE 8TH |
|
Lakewood BlueClaws batting - Pitching for South Bend Cubs : LHP Gilberto Alvarado
|
|
Batting: RHB Mike Maserang
|
0-0: Ball 1-0: Fly out, F8 (Flyball, 8LD, EV 101.9 MPH)
|
|
Batting: SHB Steve DeRienzo
|
0-0: Ball 1-0: Ball 2-0: Called Strike 2-1: Foul Ball, location: 2F 2-2: Ball 3-2: Strikes out swinging
|
|
Batting: LHB Eric Farren
|
0-0: SINGLE (Groundball, 34D, EV 97.5 MPH)
|
|
Batting: RHB Juan Valadez
|
0-0: TRIPLE (Groundball, 3L, EV 96.2 MPH) Eric Farren scores
|
|
Batting: RHB Trent Hedrick
|
0-0: SINGLE (Line Drive, 8LS, EV 111.9 MPH) Juan Valadez scores
|
|
Batting: LHB Jonathan Roman
|
0-0: Fly out, F7 (Line Drive, 7LM, EV 102.5 MPH)
|
| Bottom of the 8th over - 2 runs, 3 hits, 0 errors, 1 left on base; South Bend 1 - Lakewood 21 |
| TOP OF THE 9TH |
|
South Bend Cubs batting - Pitching for Lakewood BlueClaws : RHP Ron Knowles
|
|
Batting: RHB Mike Hill
|
0-0: Swinging Strike 0-1: Foul Ball, location: 2F 0-2: Ball 1-2: Foul Ball, location: 2F 1-2: Foul Ball, location: 2F 1-2: Strikes out swinging
|
|
Batting: RHB Josh Burns
|
0-0: Swinging Strike 0-1: Foul Ball, location: 2F 0-2: Strikes out looking
|
|
Batting: RHB Ryan Bush
|
0-0: Ball 1-0: Ball 2-0: Foul Ball, location: 2F 2-1: Foul Ball, location: 2F 2-2: Strikes out swinging
|
| Top of the 9th over - 0 runs, 0 hits, 0 errors, 0 left on base; South Bend 1 - Lakewood 21 |
|